 Dungeon Crawl Stone Soup version bcrawl-1.27.8b (webtiles) character file.

Game seed: 14398505097197377716

557164 Quickbrownfox the Slicer (level 12, -3/106 HPs)
             Began as a Minotaur Archaeologist on Nov 6, 2020.
             Was an Elder of Cheibriados.
             Slain by a skeletal warrior
             ... wielding a +0 dire flail
              (11 damage)
             ... on level 11 of the Dungeon.
             The game lasted 00:14:10 (8497 turns).

Quickbrownfox the Slicer (Minotaur Archaeologist)   Turns: 8497, Time: 00:14:11

Health: -3/106     AC: 15    Str: 35    XL:     12   Next: 18%
Magic:  0/12       EV: 17    Int: 21    God:    Cheibriados [****..]
Gold:   794        SH:  0    Dex: 19    Spells: 11/11 levels left

rFire    . . .     SeeInvis +   B - +10 short sword of the Boar {elec, rN++ Str-2 SInv}
rCold    . . .     Gourm    .   (no shield)
rNeg     + + .     Faith    .   n - +0 scale mail
rPois    .         Spirit   +   c - +1 hat
rElec    .         Reflect  .   (no cloak)
rCorr    .         Harm     .   Q - +0 pair of gloves of the Lily {MR+ Regen+}
MR       +....                  d - +2 pair of boots
Stlth    ++........             j - amulet of guardian spirit
HPRegen  0.67/turn              u - +6 ring of strength
MPRegen  0.13/turn              z - ring of see invisible

@: very slow
A: retaliatory headbutt, horns 2, mutation resistance 1, MP-powered wands
a: Bend Time, Temporal Distortion, Slouch, Renounce Religion


You were on level 11 of the Dungeon.
You worshipped Cheibriados.
Cheibriados was greatly pleased with you.
You were hungry.

You visited 2 branches of the dungeon, and saw 12 of its levels.

You collected 794 gold pieces.

Inventory:

Hand Weapons
 a - a +0 whip
 f - a +4 demon whip of electrocution
 m - a +2 dagger of pain
 v - a +1 short sword of speed
 B - the +10 short sword of the Boar (weapon) {elec, rN++ Str-2 SInv}
   (You found it on level 4 of the Dungeon)

   Occasionally, upon striking a foe, it will discharge some electrical energy
   and cause terrible harm.
   It affects your strength (-2).
   It greatly protects you from negative energy.
   It lets you see invisible.
 M - a cursed -2 mace
Missiles
 r - 229 javelins (quivered)
Armour
 b - a +1 robe
 c - a +1 hat (worn)
 d - a +2 pair of boots (worn)
 n - a +0 scale mail (worn)
 t - a +0 pair of gloves
 y - a +0 ring mail
 H - a +0 scale mail
 Q - the +0 pair of gloves of the Lily (worn) {MR+ Regen+}
   (You found it on level 9 of the Dungeon)

   It affects your resistance to hostile enchantments.
   It increases your rate of regeneration.
Jewellery
 j - an amulet of guardian spirit (around neck)
 q - an uncursed ring of protection from cold
 u - a +6 ring of strength (left hand)
 x - an uncursed ring of stealth
 z - a ring of see invisible (right hand)
 F - an uncursed ring of resist corrosion {unknown}
 L - an uncursed ring of magical power {unknown}
 R - a cursed -3 ring of strength
 S - a cursed -5 ring of protection {unknown}
Wands
 p - a wand of acid (28)
 K - a wand of flame (37)
 U - a wand of paralysis (8)
Scrolls
 g - 4 scrolls of magic mapping
 h - 2 scrolls of fear
 k - 5 scrolls of enchant armour
 o - 6 scrolls of remove curse
 w - a scroll of blinking {unknown}
 A - a scroll of teleportation
 E - a scroll of amnesia
 I - a scroll of enchant weapon
 N - a scroll of fog {unknown}
 O - a scroll of silence {unknown}
 T - a scroll of noise {unknown}
Potions
 i - 10 potions of curing
 l - 2 potions of magic
 C - a potion of haste
 D - a potion of cancellation
 J - a potion of resistance
 P - 2 potions of degeneration
 V - a potion of agility
Comestibles
 e - 23 rations {!d}
 s - a chunk of flesh


   Skills:
 + Level 10.2 Fighting
 + Level 13.3 Short Blades
 + Level 4.3 Maces & Flails
 + Level 1.1 Throwing
 + Level 11.1 Armour
 + Level 8.0 Dodging
 + Level 5.0 Stealth
 + Level 1.9 Evocations


You had 11 spell levels left.
You didn't know any spells.
Your spell library contained the following spells:

 Spells                   Type           Power        Failure   Level  Hunger
 Ensorcelled Hibernation  Hex/Ice        #.....       41%         2    ####...
 Borgnjor's Vile Clutch   Necr/Erth      #.........   100%        6    #######
 Darkness                 Hex            #.........   100%        6    #######
 Infestation              Hex/Tmut/Pois  #........    100%        6    #######
 Shadow Creatures         Summ           N/A          100%        6    #######
 Time Stop                Chrm/Tloc      N/A          100%        8    #######


Dungeon Overview and Level Annotations

Branches:
Dungeon (11/12)            Temple (1/1) D:7            Lair (0/6) D:8
    Orc (0/1) D:9
 Vaults: D:11-12

Altars:
Ashenzari
Cheibriados
Dithmenos
Elyvilon
Fedhas
Gozag
Hepliaklqana
Kikubaaqudgha
Makhleb
Nemelex Xobeh
Okawaru
Qazlal
Ru
Sif Muna
Trog
Uskayaw
Vehumet
Wu Jian
Xom
Yredelemnul
Zin
The Shining One

Annotations:
D:6 exclusion: statue
D:10 3 runed translucent doors, Quickbrownfox's ghost, journeyman MiAc


Innate Abilities, Weirdness & Mutations

You reflexively headbutt those who attack you in melee.
You have a pair of horns on your head.
You are somewhat resistant to further mutation.
You expend magic power (3 MP) to strengthen your wands.


Message History

The skeletal warrior barely misses you. You furiously retaliate!
You headbutt the skeletal warrior, but do no damage.
There is an open door here.
The skeletal warrior hits you with a +0 dire flail!
* * * LOW HITPOINT WARNING * * *
The skeletal warrior hits you from afar with a +0 glaive!!
* * * LOW HITPOINT WARNING * * *
The skeletal warrior closely misses you.
You furiously retaliate!
You headbutt the skeletal warrior!!
You feel better.
The skeletal warrior hits you from afar with a +0 glaive!
* * * LOW HITPOINT WARNING * * *
The skeletal warrior hits you but does no damage.
As you read the scroll of fear, it crumbles to dust.
You assume a fearsome visage.
The skeletal warrior is unaffected. x3
The skeletal warrior hits you from afar with a +0 glaive.
* * * LOW HITPOINT WARNING * * *
The skeletal warrior is no longer covered in acid.
The skeletal warrior hits you with a +0 dire flail!
You die...

#+####### #.#
.........# #.#
..........# #.#
..........#####.#######
..........'............
..........#####.#######
..........# #.##
.......)..# #..#
..........# ##@##
..........# #z.#
..........# ##z#
########'## #.# #.#
#####z### ###.#
#.......# #...#
#.###.#.# ######'###
...#.####### .........#
###.###.'.....+


You could see 3 skeletal warriors.

Vanquished Creatures
  Snorg (D:11)
  2 hydras
  Psyche (D:10)
  A centaur warrior (D:11)
  A two-headed ogre (D:10)
  Nergalle (D:9)
  A skeletal warrior (D:11)
  A harpy (shapeshifter) (D:10)
  A deep elf mage (D:11)
  An ugly thing (D:11)
  3 slime creatures (D:11)
  Joseph (D:9)
  A gargoyle (D:10)
  5 centaur skeletons
  A komodo dragon (D:10)
  A troll (D:10)
  2 dream sheep (D:9)
  A hippogriff (D:11)
  Sigmund (D:5)
  A shadow (D:10)
  6 yaks
  A basilisk (D:8)
  A warg (D:9)
  2 crocodiles (D:8)
  Duvessa (D:6)
  A water moccasin (D:9)
  5 orc warriors
  4 porcupines (D:8)
  4 ice beasts
  A phantom (D:8)
  2 sky beasts
  4 black bears (D:8)
  6 ogres
  A wolf (D:8)
  4 centaurs
  8 bullfrogs
  5 big kobolds
  Dowan (D:6)
  3 scorpions
  4 killer bees (D:10)
  4 howler monkeys
  4 crimson imps
  3 centaur zombies
  4 hounds
  2 jellies
  2 bullfrog skeletons (D:7)
  2 bullfrog zombies (D:5)
  An orc priest (D:9)
  8 orc wizards
  3 iguanas
  9 worker ants
  A hound skeleton (D:4)
  2 worker ant zombies
  11 gnolls
  10 adders
  4 shadow imps
  2 adder zombies
  2 adder skeletons
  3 worms
  4 dart slugs
  A leopard gecko (D:3)
  29 orcs
  6 giant cockroaches
  7 goblins
  11 hobgoblins
  7 jackals
  12 kobolds
  3 quokkas
  2 ball pythons
  4 bats
  3 frilled lizards
  A quokka zombie (D:5)
  6 rats
265 creatures vanquished.

Notes
Turn   | Place    | Note
-------+----------+-------------------------------------------
     0 | D:1      | Quickbrownfox the Minotaur Archaeologist began the quest
                  | for the Orb.
     0 | D:1      | Reached XP level 1. HP: 16/16 MP: 0/0
   455 | D:1      | Reached XP level 2. HP: 23/23 MP: 1/1
   788 | D:2      | Reached XP level 3. HP: 28/28 MP: 2/2
   887 | D:2      | Found a white marble altar of Elyvilon.
  1338 | D:3      | Reached XP level 4. HP: 35/35 MP: 3/3
  1358 | D:3      | Reached skill level 1 in Armour
  1561 | D:3      | Reached skill level 1 in Short Blades
  1644 | D:3      | Reached XP level 5. HP: 39/41 MP: 4/4
  1644 | D:3      | Identified a scroll of acquirement
  1645 | D:3      | Identified the ring "Oducalao" {*Contam rPois Int+5
                  | Stlth++} (You acquired it on level 3 of the Dungeon)
  1794 | D:3      | Found an iron altar of Okawaru.
  1794 | D:3      | Found an ornate altar of the Wu Jian Council.
  1795 | D:3      | Found a bloodstained altar of Trog.
  2282 | D:4      | Found a burning altar of Makhleb.
  2283 | D:4      | Noticed an ice beast
  2296 | D:4      | Killed an ice beast
  2296 | D:4      | Reached skill level 2 in Short Blades
  2296 | D:4      | Reached skill level 1 in Throwing
  2296 | D:4      | Reached XP level 6. HP: 25/48 MP: 2/5
  2328 | D:4      | Got a shimmering short sword
  2329 | D:4      | Identified the +10 short sword of the Boar {elec, rN++
                  | Str-2 SInv} (You found it on level 4 of the Dungeon)
  2411 | D:4      | Reached skill level 5 in Dodging
  2529 | D:4      | Found a shadowy altar of Dithmenos.
  2633 | D:4      | Reached XP level 7. HP: 56/56 MP: 6/6
  2749 | D:4      | Found a sparkling altar of Nemelex Xobeh.
  2967 | D:5      | Entered Level 5 of the Dungeon
  2976 | D:5      | Noticed Sigmund
  2986 | D:5      | Killed Sigmund
  2986 | D:5      | Reached skill level 3 in Short Blades
  3061 | D:5      | Reached skill level 4 in Short Blades
  3259 | D:5      | Reached XP level 8. HP: 54/63 MP: 5/7
  3378 | D:5      | Reached skill level 5 in Short Blades
  3378 | D:5      | Reached skill level 5 in Armour
  3920 | D:6      | Noticed an angel
  3921 | D:6      | Found a glowing silver altar of Zin.
  3924 | D:6      | Found a shimmering altar of Xom.
  4005 | D:6      | Reached skill level 6 in Short Blades
  4046 | D:6      | Found a radiant altar of Vehumet.
  4271 | D:6      | Noticed Duvessa
  4272 | D:6      | Noticed Dowan
  4278 | D:6      | Killed Duvessa
  4280 | D:6      | Killed Dowan
  4280 | D:6      | Reached skill level 7 in Short Blades
  4383 | D:6      | Found a bloodstained altar of Trog.
  4601 | D:6      | Reached XP level 9. HP: 61/72 MP: 6/8
  4899 | D:7      | Reached skill level 8 in Short Blades
  4930 | D:7      | Reached skill level 5 in Fighting
  5007 | D:7      | Noticed a five-headed hydra
  5040 | D:7      | Gained mutation: You expend magic power (3 MP) to
                  | strengthen your wands. [potion of mutation]
  5040 | D:7      | Gained mutation: You are somewhat resistant to further
                  | mutation. [potion of mutation]
  5050 | D:7      | Killed a five-headed hydra
  5050 | D:7      | Reached skill level 9 in Short Blades
  5258 | D:7      | Found a glowing golden altar of the Shining One.
  5258 | D:7      | Found a basalt altar of Yredelemnul.
  5272 | D:7      | Noticed an angel
  5286 | D:7      | Noticed a profane servitor
  5355 | D:7      | Found a stormy altar of Qazlal.
  5391 | D:7      | Reached XP level 10. HP: 81/84 MP: 9/9
  5424 | D:7      | Found a staircase to the Ecumenical Temple.
  5435 | Temple   | Entered the Ecumenical Temple
  5516 | Temple   | Became a worshipper of Cheibriados the Contemplative
  5565 | D:7      | Found a shimmering blue altar of Sif Muna.
  5684 | D:8      | Reached skill level 10 in Short Blades
  5737 | D:8      | Found a staircase to the Lair.
  6155 | D:8      | Reached * piety under Cheibriados
  6585 | D:9      | Got a pair of brightly glowing gloves
  6596 | D:9      | Identified the +0 pair of gloves of the Lily {MR+ Regen+}
                  | (You found it on level 9 of the Dungeon)
  6612 | D:9      | Noticed Joseph
  6630 | D:9      | Killed Joseph
  6630 | D:9      | Reached skill level 11 in Short Blades
  6788 | D:9      | Found a staircase to the Orcish Mines.
  6832 | D:9      | Reached ** piety under Cheibriados
  7038 | D:9      | Reached XP level 11. HP: 94/94 MP: 10/10
  7106 | D:9      | Noticed a two-headed hydra
  7111 | D:9      | Killed a two-headed hydra
  7164 | D:9      | Reached skill level 1 in Evocations
  7172 | D:9      | Reached *** piety under Cheibriados
  7195 | D:9      | Noticed Nergalle
  7216 | D:9      | Killed Nergalle
  7216 | D:9      | Reached skill level 12 in Short Blades
  7216 | D:9      | Reached skill level 10 in Armour
  7255 | D:9      | Found a shadowy altar of Dithmenos.
  7383 | D:10     | Entered Level 10 of the Dungeon
  7383 | D:10     | Noticed Psyche
  7397 | D:10     | Killed Psyche
  7458 | D:10     | Noticed a harpy
  7463 | D:10     | Killed a harpy
  7537 | D:10     | Found a runed translucent gate.
  7537 | D:10     | Found a runed translucent gate.
  7541 | D:10     | Found a runed translucent gate.
  7541 | D:10     | Noticed Quickbrownfox's ghost (journeyman MiAc)
  7825 | D:10     | Reached **** piety under Cheibriados
  8091 | D:10     | Noticed a two-headed ogre
  8097 | D:10     | Killed a two-headed ogre
  8273 | D:11     | Noticed a centaur warrior
  8273 | D:11     | Noticed a cyan ugly thing
  8275 | D:11     | Found a shattered altar of Ashenzari.
  8283 | D:11     | Killed a cyan ugly thing
  8287 | D:11     | Killed a centaur warrior
  8287 | D:11     | Reached skill level 13 in Short Blades
  8305 | D:11     | Noticed Snorg
  8321 | D:11     | Killed Snorg
  8397 | D:11     | Noticed a deep elf mage
  8404 | D:11     | Reached XP level 12. HP: 103/106 MP: 12/12
  8422 | D:11     | Reached skill level 10 in Fighting
  8476 | D:11     | Reached skill level 5 in Stealth
  8495 | D:11     | HP: 5/106 [skeletal warrior/+0 glaive[a skeletal warrior]
                  | (6)]
  8497 | D:11     | Slain by a skeletal warrior

Skill      XL: |  1  2  3  4  5  6  7  8  9 10 11 12 |
---------------+-------------------------------------+-----
Stealth        | 3 4 5 |  5.0
Dodging        | 4 5 6 7 8 |  8.0
Maces & Flails | 2 3 4 |  4.3
Armour         | 1 3 4 6 7 9 10 11 | 11.1
Short Blades   | 1 2 4 7 9 11 13 | 13.3
Fighting       | 2 3 4 6 8 9 10 | 10.2
Throwing       | 1 |  1.1
Evocations     | 1 |  1.9

Action                   |  1- 3 |  4- 6 |  7- 9 | 10-12 || total
-------------------------+-------+-------+-------+-------++-------
Melee: Whip              |    36 |       |       |       ||    36
       Headbutt          |    15 |    16 |    30 |    87 ||   148
       Dagger            |    73 |    48 |       |       ||   121
       Short sword       |       |    44 |   205 |   347 ||   596
       Demon whip        |       |    45 |       |       ||    45
Throw: Javelin           |     8 |       |       |       ||     8
Evoke: Wand              |       |       |     3 |     5 ||     8
  Use: Scroll            |       |     3 |     5 |     9 ||    17
       Potion            |       |       |     6 |     1 ||     7
 Stab: Sleeping          |     5 |     1 |       |     1 ||     7
  Eat: Chunk             |     4 |     7 |    14 |    11 ||    36
Armor: Robe              |    31 |       |       |       ||    31
       Scale mail        |       |    37 |    47 |   116 ||   200
       Ring mail         |       |    22 |    24 |       ||    46
Dodge: Dodged            |    75 |    76 |   128 |   218 ||   497
